 Dungeon Crawl Stone Soup version 0.24.1-8-ga250c9d538 (webtiles) character file.

Game seed: 16262205818909230673, levelgen mode: deterministic

78 Hugehornet the Changer (level 4, -2/28 HPs)
             Began as an Octopode Transmuter on May 5, 2020.
             Killed from afar by an orc wizard (11 damage)
             ... with a magic dart
             ... on level 3 of the Dungeon.
             The game lasted 00:04:54 (2185 turns).

Hugehornet the Changer (Octopode Transmuter)        Turns: 2185, Time: 00:04:54

Health: -2/28      AC:  2    Str:  9    XL:     4   Next: 36%
Magic:  5/7        EV: 19    Int: 16    God:
Gold:   205        SH:  0    Dex: 17    Spells: 1/7 levels left

rFire    . . .     SeeInvis .     - Unarmed
rCold    . . .     Gourm    .   (shield currently unavailable)
rNeg     . . .     Faith    .   (helmet currently unavailable)
rPois    x         Spirit   .   (no amulet)
rElec    .         Reflect  .   (no ring)
rCorr    .         Harm     .   (no ring)
MR       .....                  (no ring)
Stlth    ++........             (no ring)
HPRegen  0.09/turn              (no ring)
MPRegen  0.10/turn              (no ring)
                                (no ring)
                                (no ring)

@: spider-form (expiring)
A: tiny, almost no armour, stealthy swim, (amphibious), 8 rings, (constrict 8)
a: End Transformation


You were on level 3 of the Dungeon.
You were hungry.
You were a venomous arachnid creature.
You visited 1 branch of the dungeon, and saw 3 of its levels.

You collected 205 gold pieces.

Inventory:

Missiles
 a - 12 arrows
Armour
 j - a +2 hat (melded)
Wands
 d - a wand of paralysis (7)
Scrolls
 f - a scroll of enchant armour {unknown}
 i - 2 scrolls of identify {unknown}
Potions
 b - a potion of agility {unknown}
 e - a potion of flight {unknown}
 g - 3 potions of curing {unknown}
 h - a potion of magic {unknown}
 k - a potion of cancellation {unknown}
 m - a potion of haste {unknown}
 n - a potion of degeneration {unknown}
Comestibles
 c - 2 rations
 l - a chunk of flesh


   Skills:
 - Level 1.0 Fighting
 - Level 2.0 Dodging
 * Level 3.5 Unarmed Combat
 - Level 2.0 Spellcasting
 * Level 3.9 Transmutations
 - Level 1.0 Poison Magic


You had one spell level left.
You knew the following spells:

 Your Spells              Type           Power        Failure   Level  Hunger
a - Beastly Appendage     Tmut           ##....       13%         1    #......
b - Sticks to Snakes      Tmut           ##......     17%         2    ###....
c - Spider Form           Tmut/Pois      #.........   43%         3    ###....

Your spell library contained the following spells:

 Spells                   Type           Power        Failure   Level  Hunger
 Ice Form                 Ice/Tmut       #.......     85%         4    #####..
 Blade Hands              Tmut           ##........   89%         5    ######.


Dungeon Overview and Level Annotations

Branches:
Dungeon (3/15)

Altars:
Trog


Innate Abilities, Weirdness & Mutations

You cannot wear most types of armour.
You are very stealthy in the water. (Stealth+)
((You are amphibious.))
You can wear up to eight rings at the same time.
((You can use your tentacles to constrict eight enemies at once.))
((Your skin changes colour to match your surroundings (Stealth+).))
((Your rubbery body absorbs attacks. (AC +1, EV +1)))


Message History

You are confused.
You closely miss something. Something hits you but does no damage.
You bump into the rock wall.
Something hits you.
You closely miss something. Something closely misses you.
You bump into the rock wall.
An orc priest comes into view. It is wielding a +0 hand axe.
Something hits you.
* * * LOW HITPOINT WARNING * * *
You feel less confused.
The orc priest shouts!
The orc priest mumbles some strange prayers to Beogh against you.
You barely resist. You hit something but do no damage.
You hear some strange, mumbled words.
Something tries to affect you, but you resist.
You barely miss something.
You hear some strange, mumbled words.
A magic dart appears from out of thin air!
The magic dart hits you!
You die...

##### ### # #.. #.#.#
#.#.# #..<# # # #o# .# #
#{#####.# ### #.s..o..#
..# ####..### #. #..# ##
#..#### #. #.....#
######. ##.##.####......
#########...............
...........##.####.#####
##########.##......#####


You could see an orc priest and an orc.

Vanquished Creatures
  3 adders
  2 worms (D:2)
  2 dart slugs (D:1)
  2 orcs (D:3)
  5 bats
  5 giant cockroaches
  4 goblins
  3 hobgoblins (D:1)
  A ball python (D:2)
  2 frilled lizards (D:1)
  4 kobolds
  8 rats
  A fungus (D:1)
  A toadstool (D:1)
43 creatures vanquished.

Vanquished Creatures (others)
  2 toadstools (D:1)
2 creatures vanquished.

Grand Total: 45 creatures vanquished

Notes
Turn   | Place    | Note
-------+----------+-------------------------------------------
     0 | D:1      | Hugehornet the Octopode Transmuter began the quest for the
                  | Orb.
     0 | D:1      | Reached XP level 1. HP: 13/13 MP: 3/3
    92 | D:1      | Reached XP level 2. HP: 18/18 MP: 5/5
   214 | D:1      | Learned a level 2 spell: Sticks to Snakes
   458 | D:1      | Reached XP level 3. HP: 14/23 MP: 4/6
   653 | D:1      | Learned a level 3 spell: Spider Form
   976 | D:2      | Noticed a moth of wrath
   979 | D:2      | Found a bloodstained altar of Trog.
  1379 | D:2      | Reached XP level 4. HP: 13/28 MP: 7/7
  2002 | D:3      | Reached skill level 1 in Poison Magic
  2185 | D:3      | Killed from afar by an orc wizard

Levels and vault maps discovered:
D:1:      scummos_arrival_forest, layout_rooms, minmay_misc_feat_four_crosses,
          minmay_gold_behind_fungi
D:2:      layout_basic, tgw_trog, chequers_serial_rivers_room_b
D:3:      layout_loops_ring, grunt_temple_overflow_lords_of_destruction,
          tgw_sif, marbit_many_paths, first_ration

Skill      XL: |  1  2  3  4 |
---------------+-------------+-----
Transmutations | 3 |  3.9
Poison Magic   | 1 |  1.0
Fighting       | |  1.0
Dodging        | |  2.0
Unarmed Combat | |  3.5
Spellcasting   | |  2.0

Action                   |  1- 3 |  4- 6 || total
-------------------------+-------+-------++-------
Melee: Unarmed           |   104 |    22 ||   126
       Kick              |    23 |     2 ||    25
       Tentacles         |    15 |     3 ||    18
       Constrict         |    27 |     2 ||    29
       Punch             |     2 |       ||     2
 Cast: Beastly Appendage |    24 |     5 ||    29
       Spider Form       |       |     1 ||     1
 Stab: Sleeping          |     4 |       ||     4
  Eat: Chunk             |     2 |     2 ||     4
Armor: Skin              |    10 |     2 ||    12
Dodge: Dodged            |    58 |     6 ||    64
